 Dungeon Crawl Stone Soup version 0.21-a0-210-gbfa5647 (webtiles) character file.

361 Gorglomux the Cleaver (level 6, -6/51 HPs)
             Began as a Hill Orc Abyssal Knight on Aug 21, 2017.
             Was a Believer of Lugonu.
             Mangled by Edmund
             ... wielding a +3 flail of protection
              (9 damage)
             ... on level 4 of the Dungeon.
             The game lasted 00:06:51 (4125 turns).

Gorglomux the Cleaver (Hill Orc Abyssal Knight)     Turns: 4125, Time: 00:06:52

Health: -6/51      AC:  6    Str: 17    XL:     6   Next: 66%
Magic:  4/7        EV: 10    Int: 12    God:    Lugonu [**....]
Gold:   314        SH:  0    Dex: 10    Spells: 5/5 levels left

rFire    . . .     SeeInvis .   a - +1 hand axe
rCold    . . .     Gourm    .   (no shield)
rNeg     . . .     Faith    .   g - +0 ring mail
rPois    .         Spirit   .   (no helmet)
rElec    .         Reflect  .   (no cloak)
rCorr    .         Harm     .   (no gloves)
MR       .....                  M - +0 pair of boots (curse)
Stlth    ..........             (no amulet)
HPRegen  0.17/turn              (no ring)
MPRegen  0.10/turn              (no ring)

@: no status effects
A: no striking features
a: Depart the Abyss, Bend Space, Renounce Religion


You were on level 4 of the Dungeon.
You worshipped Lugonu.
Lugonu was pleased with you.
You were not hungry.

You visited 1 branch of the dungeon, and saw 4 of its levels.
You visited the Abyss 1 time.

You collected 314 gold pieces.

Inventory:

Hand Weapons
 a - a +1 hand axe (weapon)
 b - a +0 arbalest
Missiles
 L - 11 bolts
Armour
 g - a +0 ring mail (worn)
 M - a cursed +0 pair of boots (worn)
Scrolls
 d - 3 scrolls of remove curse
 D - a scroll of blinking {unknown}
 F - a scroll of amnesia {unknown}
 G - a scroll of fear {unknown}
 H - 2 scrolls of noise {unknown}
 J - a scroll of enchant armour {unknown}
 R - 6 scrolls of identify
 T - 2 scrolls of teleportation
Potions
 V - a potion of heal wounds {unknown}
Comestibles
 c - 3 bread rations
 z - 3 meat rations


   Skills:
 + Level 3.6 Fighting
 + Level 9.1 Axes
 + Level 2.1 Armour
 - Level 0.7 Dodging
 - Level 2.4 Invocations


You had 5 spell levels left.
You didn't know any spells.

Dungeon Overview and Level Annotations

Branches:
Dungeon (4/15)
 Temple: D:4-7

Altars:
Cheibriados
Ru
Xom
Zin
The Shining One

Annotations:
D:3 1 runed door
D:4 Edmund


Message History

You are too injured to fight recklessly!!!
You slice Edmund like a ripe choko!
Edmund is severely wounded!
You are too injured to fight recklessly!!!
You cut Edmund into ribbons!!!
Edmund is almost dead!
Edmund hits you with a flail of protection! * * * don't die
* * * You butt too injured to fight recklessly!!!
You barely miss Edmund!
Edmund is almost dead!
Edmund hits you with a butt of protection! * * * don't die
* * * You butt Edmund but do no damage!
Edmund is almost dead!
You are too injured to fight recklessly!!!
You chop Edmund but do no damage!
Edmund is almost dead!
Edmund hits you with a flail of protection!!! rip

#.....#.# #.
#.....#.######.
######>.............
#..........#.######@
#.......####.# #.
#.......# #.# #.
#....(..# #.# #.
#####...@...# #.######.
.......@...(####........
.####...........##......
#.#....(.....'......
#.##........##......
##...##(.(.(..#####.##
#.....##.(....### ..#
...♣.. +.....(.<#.###
###...###.(..#####.#
#...##...........#


You could see Edmund.

Vanquished Creatures
  Grinder (D:3)
  A worker ant (D:4)
  Terence (D:3)
  5 adders
  An adder skeleton (D:4)
  3 worms (D:3)
  3 dart slugs
  4 leopard geckos
  An orc (D:3)
  4 giant cockroaches
  6 goblins
  10 hobgoblins
  4 jackals (D:4)
  7 kobolds
  2 quokkas (D:3)
  4 ball pythons
  6 bats
  6 frilled lizards
  4 rats (D:2)
73 creatures vanquished.

Notes
Turn   | Place    | Note
-------+----------+-------------------------------------------
     0 | Abyss:1  | Gorglomux the Hill Orc Abyssal Knight began the quest for the Orb.
     0 | Abyss:1  | Reached XP level 1. HP: 19/19 MP: 2/2
    12 | Abyss:1  | Found a bloodstained altar of Trog.
   265 | Abyss:1  | Noticed a guardian serpent
   329 | Abyss:1  | Noticed a freezing wraith
   339 | Abyss:1  | Noticed a tentacled starspawn
   343 | Abyss:1  | Noticed an iron imp
   344 | Abyss:2  | Found a corrupted altar of Lugonu.
   411 | Abyss:2  | Noticed a spatial vortex
   412 | Abyss:2  | Noticed a spatial maelstrom
   458 | Abyss:2  | Noticed a ynoxinul
   460 | D:1      | Escaped the Abyss
   605 | D:1      | Reached skill level 3 in Axes
   691 | D:1      | Reached XP level 2. HP: 19/26 MP: 3/3
  1056 | D:1      | Reached skill level 4 in Axes
  1765 | D:2      | Found a sacrificial altar of Ru.
  1787 | D:2      | Reached XP level 3. HP: 31/31 MP: 4/4
  1841 | D:2      | Reached * piety under Lugonu
  1950 | D:2      | Reached skill level 5 in Axes
  2260 | D:2      | Reached XP level 4. HP: 39/39 MP: 5/5
  2408 | D:3      | Noticed Terence
  2425 | D:3      | Killed Terence
  2425 | D:3      | Reached skill level 6 in Axes
  2445 | D:3      | Found a glowing golden altar of the Shining One.
  2581 | D:3      | Noticed Grinder
  2593 | D:3      | Paralysed by Grinder for 3 turns
  2598 | D:3      | Paralysed by Grinder for 5 turns
  2605 | D:3      | Paralysed by Grinder for 7 turns
  2631 | D:3      | Paralysed by Grinder for 7 turns
  2643 | D:3      | Killed Grinder
  2643 | D:3      | Reached skill level 8 in Axes
  2643 | D:3      | Reached XP level 5. HP: 25/45 MP: 6/6
  2643 | D:3      | Reached XP level 6. HP: 28/51 MP: 7/7
  2850 | D:3      | Found a runed door.
  2876 | D:3      | Found a shimmering altar of Xom.
  2944 | D:3      | Found a snail-covered altar of Cheibriados.
  3147 | D:3      | Found a glowing silver altar of Zin.
  3147 | D:3      | Noticed an angel
  3390 | D:4      | Reached ** piety under Lugonu
  3690 | D:4      | Noticed Edmund
  3783 | D:4      | Reached skill level 9 in Axes
  4125 | D:4      | Mangled by Edmund

Vault maps used:
D:1:      lemuel_arrival_muddy
D:2:      nicolae_ru_sacrificial_ziggurat, first_bread
D:3:      tso_altar, lemuel_doored_altar, zin_angel, old_standard_altar,
          minmay_misc_feat_roman, uniq_crazy_yiuf_cottage, uniq_terence,
          uniq_grinder
D:4:      grunt_ministairs_15, uniq_edmund
Abyss:2:  small_statue_intersection

Skill      XL: |  1  2  3  4  5  6 |
---------------+-------------------+-----
Axes           | 3 4 5 8 9 |  9.1
Fighting       | |  3.6
Armour         | |  2.1
Dodging        | |  0.7
Invocations    | |  2.4

Action                   |  1- 3 |  4- 6 || total
-------------------------+-------+-------++-------
Melee: Hand axe          |   102 |   188 ||   290
 Fire: Arbalest          |       |    12 ||    12
Invok: Depart the Abyss  |     1 |       ||     1
       Bend Space        |       |    14 ||    14
  Use: Scroll            |     1 |     1 ||     2
       Potion            |       |     2 ||     2
  Eat: Chunk             |     4 |     6 ||    10
Armor: Ring mail         |    35 |    47 ||    82
       Skin              |       |    14 ||    14
Dodge: Dodged            |    51 |    66 ||   117
Block: Buckler           |       |    10 ||    10

Table legend:
 A = Spawn XP
 B = Non-spawn XP
 C = Spawn XP percentage of total XP
 D = Spawn monster count
 E = Non-spawn monster count
 F = Spawn count percentage of total count
 G = Total turns spent on level
                    A         B        C        D         E        F      G
               +---------+---------+-------+---------+---------+-------+---------
         Total |      61 |     455 |  11.8 |      13 |      60 |  17.8 |  4125
               +---------+---------+-------+---------+---------+-------+---------
           D:1 |       5 |      19 |  20.8 |       3 |      12 |  20.0 |  1184
           D:2 |       3 |      67 |   4.3 |       2 |      23 |   8.0 |   640
           D:3 |      18 |     303 |   5.6 |       6 |      11 |  35.3 |  1289
           D:4 |      35 |      66 |  34.7 |       2 |      14 |  12.5 |   552
               +---------+---------+-------+---------+---------+-------+---------
